SNL (28 & UNDER)
WICHITA WRANGLERS @ SANTA FE DIABLOS
09/17/2024
 
TOP OF THE 1ST
Wichita Wranglers batting - Pitching for Santa Fe Diablos : RHP Jeffrey King
Pitching: RHP Jeffrey King
Batting: RHB Tom Howe 0-0: Ball
1-0: SINGLE (Flyball, 78S) - OUT at second base trying to stretch hit.
Batting: RHB Carlos Flores 0-0: Called Strike
0-1: Ball
1-1: Ground out 5-3 (Groundball, 56)
Batting: RHB Norberto Taváres 0-0: Foul Ball, location: 2F
0-1: Foul Ball, location: 2F
0-2: Ball
1-2: DOUBLE (Line Drive, 9LS)
Batting: LHB Rusty Clinton 0-0: Ball
1-0: Called Strike
1-1: Ball
2-1: Swinging Strike
2-2: Ball
3-2: Foul Ball, location: 2F
3-2: Foul Ball, location: 2F
3-2: Foul Ball, location: 2F
3-2: Fly out, F7 (Flyball, 7S)
Top of the 1st over - 0 run(s), 2 hit(s), 0 error(s), 1 left on base; Wichita 0 - Santa Fe 0
BOTTOM OF THE 1ST
Santa Fe Diablos batting - Pitching for Wichita Wranglers : RHP Larry Jones
Pitching: RHP Larry Jones
Batting: RHB Ray Davis 0-0: Called Strike
0-1: Ball
1-1: Foul Ball, location: 2F
1-2: Ball
2-2: Ball
3-2: Base on Balls
Batting: LHB John Nicholson 0-0: Ground out U3 (Groundball, 3S)
Ray Davis to second
Batting: RHB Roberto Zamora 0-0: Ball
1-0: Ball
2-0: Ball
3-0: Base on Balls
Batting: SHB António Hernández 0-0: Ball
1-0: Swinging Strike
1-1: Ball
2-1: Fielders Choice at 2nd, 1-4 (Groundball, 25)
Ray Davis to third
Batting: LHB Don Soper 0-0: Ball
Pickoff Throw to First - Out!
Bottom of the 1st over - 0 run(s), 0 hit(s), 0 error(s), 0 left on base; Wichita 0 - Santa Fe 0
TOP OF THE 2ND
Wichita Wranglers batting - Pitching for Santa Fe Diablos : RHP Jeffrey King
Batting: SHB Javier Peña 0-0: Foul Ball, location: 2F
0-1: Called Strike
0-2: Foul Ball, location: 2F
0-2: Strikes out looking
Batting: RHB Jesús Ibarra 0-0: Ball
1-0: Foul Ball, location: 2F
1-1: Ball
2-1: Foul Ball, location: 2F
2-2: Ground out U3 (Groundball, 3S)
Batting: RHB Desi Thompson 0-0: Called Strike
0-1: Ground out U3 (Groundball, 3)
Top of the 2nd over - 0 run(s), 0 hit(s), 0 error(s), 0 left on base; Wichita 0 - Santa Fe 0
BOTTOM OF THE 2ND
Santa Fe Diablos batting - Pitching for Wichita Wranglers : RHP Larry Jones
Batting: LHB Don Soper 0-0: Fly out, F7 (Line Drive, 7S)
Batting: RHB Keith Jones 0-0: Ground out 4-3 (Groundball, 4)
Batting: SHB Ángel Díaz 0-0: Swinging Strike
0-1: Called Strike
0-2: Ball
1-2: Ball
2-2: Ball
3-2: Base on Balls
Batting: LHB David Hernández 0-0: Called Strike
Ángel Díaz steals 2nd base
0-1: Swinging Strike
0-2: Foul Ball, location: 2F
0-2: Ball
1-2: Strikes out looking
Bottom of the 2nd over - 0 run(s), 0 hit(s), 0 error(s), 1 left on base; Wichita 0 - Santa Fe 0
TOP OF THE 3RD
Wichita Wranglers batting - Pitching for Santa Fe Diablos : RHP Jeffrey King
Batting: SHB Shane Hutchinson 0-0: Called Strike
0-1: Called Strike
0-2: Strikes out looking
Batting: RHB Dave Henderson 0-0: Ball
1-0: Swinging Strike
1-1: Ball
2-1: Foul Ball, location: 2F
2-2: Foul Ball, location: 2F
2-2: Strikes out swinging
Batting: RHB Tom Howe 0-0: Ball
1-0: Swinging Strike
1-1: Ground out 6-3 (Groundball, 6M)
Top of the 3rd over - 0 run(s), 0 hit(s), 0 error(s), 0 left on base; Wichita 0 - Santa Fe 0
BOTTOM OF THE 3RD
Santa Fe Diablos batting - Pitching for Wichita Wranglers : RHP Larry Jones
Batting: RHB Fernando Garza 0-0: Called Strike
0-1: Fly out, F8 (Flyball, 8RM)
Batting: RHB Ray Davis 0-0: Ball
1-0: Fly out, F6 (Line Drive, 6M)
Batting: LHB John Nicholson 0-0: Ball
1-0: Fly out, F8 (Flyball, 8RM)
Bottom of the 3rd over - 0 run(s), 0 hit(s), 0 error(s), 0 left on base; Wichita 0 - Santa Fe 0
TOP OF THE 4TH
Wichita Wranglers batting - Pitching for Santa Fe Diablos : RHP Jeffrey King
Batting: RHB Carlos Flores 0-0: Called Strike
0-1: Ball
1-1: Called Strike
1-2: Strikes out swinging
Batting: RHB Norberto Taváres 0-0: Called Strike
0-1: Called Strike
0-2: Ball
1-2: Strikes out swinging
Batting: LHB Rusty Clinton 0-0: Ball
1-0: Ball
2-0: Ground out 6-3 (Groundball, 6)
Top of the 4th over - 0 run(s), 0 hit(s), 0 error(s), 0 left on base; Wichita 0 - Santa Fe 0
BOTTOM OF THE 4TH
Santa Fe Diablos batting - Pitching for Wichita Wranglers : RHP Larry Jones
Batting: RHB Roberto Zamora 0-0: Foul Ball, location: 2F
0-1: Foul Ball, location: 2F
0-2: Ball
1-2: Ball
2-2: Foul Ball, location: 2F
2-2: Ball
3-2: Fly out, F8 (Popup, 4MD)
Batting: SHB António Hernández 0-0: Reached on error, E4 (Groundball, 4)
Batting: LHB Don Soper 0-0: Called Strike
0-1: Ball
António Hernández steals 3rd base
1-1: Called Strike
1-2: Fly out, F7 (Line Drive, 78M)
Runner from 3rd tags up, SCORES, throw made
Batting: RHB Keith Jones 0-0: Ball
1-0: Ball
2-0: Called Strike
2-1: Ball
3-1: Base on Balls
Batting: SHB Ángel Díaz 0-0: Called Strike
0-1: Called Strike
0-2: Fly out, F7 (Popup, 56D)
Bottom of the 4th over - 1 run(s), 0 hit(s), 1 error(s), 1 left on base; Wichita 0 - Santa Fe 1
TOP OF THE 5TH
Wichita Wranglers batting - Pitching for Santa Fe Diablos : RHP Jeffrey King
Batting: SHB Javier Peña 0-0: Ball
1-0: TRIPLE (Flyball, 9D)
Batting: RHB Jesús Ibarra 0-0: Called Strike
0-1: Ball
1-1: SINGLE (Line Drive, 7S)
Javier Peña scores
Batting: RHB Desi Thompson 0-0: Called Strike
0-1: Swinging Strike
0-2: Ball
1-2: Foul Ball, location: 2F
1-2: Strikes out swinging
Batting: SHB Shane Hutchinson 0-0: Ball
Jesús Ibarra steals 2nd base
1-0: Ball
2-0: Ball
3-0: Called Strike
3-1: SINGLE (Line Drive, 7S)
Jesús Ibarra to third
Batting: RHB Dave Henderson 0-0: Ball
1-0: Ball
2-0: Called Strike
2-1: Ball
3-1: Called Strike
3-2: Foul Ball, location: 2F
3-2: SINGLE (Groundball, 34D)
Jesús Ibarra scores
Shane Hutchinson to second
Throwing error, E9
Shane Hutchinson scores
Dave Henderson to second
Batting: RHB Tom Howe 0-0: Ball
1-0: Swinging Strike
1-1: Swinging Strike
1-2: Ball
2-2: Fly out, F6 (Popup, 4MD)
Batting: RHB Carlos Flores 0-0: Called Strike
0-1: Swinging Strike
0-2: Strikes out looking
Top of the 5th over - 3 run(s), 4 hit(s), 1 error(s), 1 left on base; Wichita 3 - Santa Fe 1
BOTTOM OF THE 5TH
Santa Fe Diablos batting - Pitching for Wichita Wranglers : RHP Larry Jones
Batting: LHB David Hernández 0-0: Called Strike
0-1: Ball
1-1: SINGLE (Groundball, 6MD)
Batting: RHB Fernando Garza 0-0: Ball
1-0: Foul Ball, location: 2F
1-1: Ball
2-1: SINGLE (Line Drive, 56D)
David Hernández to second
Batting: RHB Ray Davis 0-0: Ball
1-0: Ball
2-0: Ball
3-0: Called Strike
3-1: Foul Ball, location: 2F
3-2: Base on Balls
David Hernández to third
Fernando Garza to second
Batting: LHB John Nicholson 0-0: Fly out, F9 (Flyball, 89S)
Batting: RHB Roberto Zamora 0-0: Ball
1-0: Foul Ball, location: 2F
1-1: SINGLE (Groundball, 56D)
David Hernández scores
Fernando Garza to third
Ray Davis to second
Runner from 3rd tries for Home, SAFE, throw made home
Ray Davis to third
Roberto Zamora to second
Batting: SHB António Hernández 0-0: SINGLE (Line Drive, 34)
Ray Davis scores
Roberto Zamora to third
Batting: LHB Don Soper 0-0: Ball
1-0: Called Strike
António Hernández steals 2nd base
1-1: Swinging Strike
1-2: Foul Ball, location: 2F
1-2: Ball
2-2: Foul Ball, location: 2F
2-2: SINGLE (Line Drive, 34D)
Roberto Zamora scores
António Hernández to third
Runner from 3rd tries for Home, SAFE, no throw or cutoff
Batting: RHB Keith Jones 0-0: Reached on error, E5 (Groundball, 5S)
Don Soper to third
Pitching: LHP Tommy Campbell
Batting: SHB Ángel Díaz 0-0: Swinging Strike
0-1: Ground out 4-3 (Groundball, 13)
Batting: LHB David Hernández 0-0: Foul Ball, location: 2F
0-1: Ball
1-1: Swinging Strike
1-2: Strikes out swinging
Bottom of the 5th over - 5 run(s), 5 hit(s), 1 error(s), 2 left on base; Wichita 3 - Santa Fe 6
TOP OF THE 6TH
Wichita Wranglers batting - Pitching for Santa Fe Diablos : RHP Jeffrey King
Batting: RHB Norberto Taváres 0-0: Foul Ball, location: 2F
0-1: Ball
1-1: Ball
2-1: Ball
3-1: Base on Balls
Batting: LHB Rusty Clinton 0-0: Ball
1-0: Ball
2-0: Grounds into double play, 4-6-3 (Groundball, 4)
Batting: SHB Javier Peña 0-0: Ball
1-0: Ball
2-0: DOUBLE (Line Drive, 78D)
Batting: RHB Jesús Ibarra 0-0: Ball
1-0: Called Strike
1-1: Ground out 6-3 (Groundball, 6M)
Top of the 6th over - 0 run(s), 1 hit(s), 0 error(s), 1 left on base; Wichita 3 - Santa Fe 6
BOTTOM OF THE 6TH
Santa Fe Diablos batting - Pitching for Wichita Wranglers : LHP Tommy Campbell
Batting: RHB Fernando Garza 0-0: Ball
1-0: Called Strike
1-1: Foul Ball, location: 2F
1-2: Ball
2-2: Ball
3-2: Foul Ball, location: 2F
3-2: Base on Balls
Batting: RHB Ray Davis 0-0: Ball
1-0: Fly out, F4 (Popup, 4D)
Batting: LHB John Nicholson 0-0: Ball
1-0: Called Strike
1-1: Ball
2-1: Foul Ball, location: 2F
2-2: Strikes out swinging
Batting: RHB Roberto Zamora 0-0: Ball
1-0: Called Strike
1-1: Ball
2-1: SINGLE (Line Drive, 6)
Fernando Garza to second
Batting: SHB António Hernández 0-0: Ball
1-0: Ball
2-0: Ball
3-0: Called Strike
3-1: Fly out, F7 (Line Drive, 7M)
Bottom of the 6th over - 0 run(s), 1 hit(s), 0 error(s), 2 left on base; Wichita 3 - Santa Fe 6
TOP OF THE 7TH
Wichita Wranglers batting - Pitching for Santa Fe Diablos : RHP Jeffrey King
Pitching: RHP Raúl Gómez
Batting: RHB Desi Thompson 0-0: Called Strike
0-1: Called Strike
0-2: TRIPLE (Flyball, 8LD)
Batting: SHB Shane Hutchinson 0-0: Foul Ball, location: 2F
0-1: Foul Ball, location: 2F
0-2: Foul Ball, location: 2F
0-2: Foul Ball, location: 2F
0-2: Ground out 4-3 (Groundball, 34)
Desi Thompson scores
Batting: RHB Dave Henderson 0-0: Foul Ball, location: 2F
0-1: Swinging Strike
0-2: Strikes out swinging
Batting: RHB Tom Howe 0-0: Called Strike
0-1: DOUBLE (Line Drive, 8LM)
Batting: RHB Carlos Flores 0-0: Ball
Wild Pitch!
Tom Howe to third
1-0: Called Strike
1-1: Ball
2-1: Swinging Strike
2-2: Strikes out swinging
Top of the 7th over - 1 run(s), 2 hit(s), 0 error(s), 1 left on base; Wichita 4 - Santa Fe 6
BOTTOM OF THE 7TH
Santa Fe Diablos batting - Pitching for Wichita Wranglers : LHP Tommy Campbell
Batting: LHB Don Soper 0-0: Called Strike
0-1: Foul Ball, location: 2F
0-2: Strikes out swinging
Pitching: RHP Juan Vázquez
Batting: RHB Keith Jones 0-0: Ball
1-0: Called Strike
1-1: Ball
2-1: Swinging Strike
2-2: Strikes out swinging
Batting: SHB Ángel Díaz 0-0: Ball
1-0: Ball
2-0: Ball
3-0: Base on Balls
Batting: LHB David Hernández 0-0: Ball
1-0: Called Strike
1-1: Fly out, F8 (Line Drive, 8RM)
Bottom of the 7th over - 0 run(s), 0 hit(s), 0 error(s), 1 left on base; Wichita 4 - Santa Fe 6
TOP OF THE 8TH
Wichita Wranglers batting - Pitching for Santa Fe Diablos : RHP Raúl Gómez
Now in LF: Richard Pendergast
Batting: RHB Norberto Taváres 0-0: Ball
1-0: Fly out, F9 (Flyball, 9LS)
Batting: LHB Rusty Clinton 0-0: Ball
1-0: Called Strike
1-1: Foul Ball, location: 2F
1-2: Foul Ball, location: 2F
1-2: Strikes out swinging
Batting: SHB Javier Peña 0-0: Ball
1-0: Ball
2-0: Called Strike
2-1: Ball
3-1: Called Strike
3-2: Base on Balls
Batting: RHB Jesús Ibarra 0-0: Ball
1-0: Foul Ball, location: 2F
1-1: Foul Ball, location: 2F
1-2: Foul Ball, location: 2F
1-2: DOUBLE (Line Drive, 9LS)
Javier Peña to third
Runner from 3rd tries for Home, throw and OUT!
Top of the 8th over - 0 run(s), 1 hit(s), 0 error(s), 1 left on base; Wichita 4 - Santa Fe 6
BOTTOM OF THE 8TH
Santa Fe Diablos batting - Pitching for Wichita Wranglers : RHP Juan Vázquez
Batting: RHB Fernando Garza 0-0: Ground out 6-3 (Groundball, 6)
Batting: RHB Ray Davis 0-0: Ball
1-0: Ball
2-0: Foul Ball, location: 2F
2-1: DOUBLE (Line Drive, 7D)
Batting: LHB John Nicholson 0-0: Called Strike
0-1: Ball
1-1: Ground out 4-3 (Groundball, 4)
Ray Davis to third
Batting: RHB Roberto Zamora 0-0: Called Strike
0-1: Called Strike
0-2: Ball
1-2: Strikes out swinging
Bottom of the 8th over - 0 run(s), 1 hit(s), 0 error(s), 1 left on base; Wichita 4 - Santa Fe 6
TOP OF THE 9TH
Wichita Wranglers batting - Pitching for Santa Fe Diablos : RHP Raúl Gómez
Pitching: RHP Kenshin Kubota
Now at 2B: Emiel van Rhee
Batting: RHB Desi Thompson 0-0: TRIPLE (Groundball, 3L)
Batting: SHB Shane Hutchinson 0-0: Ball
1-0: Foul Ball, location: 2F
1-1: Foul Ball, location: 2F
1-2: Strikes out swinging
Pinch Hitting: RHB Javier Coronado 0-0: Called Strike
0-1: Swinging Strike
0-2: Ball
1-2: Strikes out swinging
Batting: RHB Tom Howe 0-0: Ball
1-0: Ball
2-0: Ball
3-0: Base on Balls
Pinch Hitting: LHB José Hernández 0-0: Ball
1-0: SINGLE (Line Drive, 8RS)
Desi Thompson scores
Tom Howe to second
Batting: RHB Norberto Taváres 0-0: Ball
1-0: Swinging Strike
1-1: Swinging Strike
1-2: Ball
2-2: Ball
3-2: DOUBLE (Line Drive, 89M)
Tom Howe scores
José Hernández to third
José Hernández scores
Batting: LHB Rusty Clinton 0-0: Ball
1-0: Swinging Strike
1-1: Fly out, F7 (Flyball, 78M)
Top of the 9th over - 3 run(s), 3 hit(s), 0 error(s), 1 left on base; Wichita 7 - Santa Fe 6
BOTTOM OF THE 9TH
Santa Fe Diablos batting - Pitching for Wichita Wranglers : RHP Juan Vázquez
Pitching: LHP José Gallegos
Now at C: Javier Coronado
Now at 1B: José Hernández
Now at SS: Felipe Lópes
Now in RF: Leslie Adams
Pinch Hitting: RHB Joe Haley 0-0: Called Strike
0-1: Ball
1-1: Swinging Strike
1-2: Foul Ball, location: 2F
1-2: Foul Ball, location: 2F
1-2: Foul Ball, location: 2F
1-2: Ball
2-2: Ball
3-2: Base on Balls
Pinch Runner at 1st Gerardo Álvarez:
Pinch Hitting: SHB Scott Compton 0-0: Ball
1-0: Fly out, F7 (Line Drive, 7M)
Batting: RHB Richard Pendergast 0-0: Ball
1-0: Swinging Strike
1-1: Called Strike
1-2: Ground out 5-3 (Groundball, 56)
Gerardo Álvarez to second
Pinch Hitting: RHB Tim Adkins 0-0: Called Strike
0-1: Ball
Wild Pitch!
Gerardo Álvarez to third
1-1: Foul Ball, location: 2F
1-2: Ground out 4-3 (Groundball, 4)
Bottom of the 9th over - 0 run(s), 0 hit(s), 0 error(s), 1 left on base; Wichita 7 - Santa Fe 6
This league is powered by Out of the Park Baseball, the baseball management simulation game for PC, Mac and Linux
Saturday, April 9th, 2016 - OOTP Baseball 16.8 Build 38